 Dungeon Crawl Stone Soup version 0.20.0-10-g0535bb4 (webtiles) character file.

90 MTVSty1e the Ruffian (level 4, -3/37 (38) HPs)
             Began as a Ghoul Gladiator on June 4, 2017.
             Slain by a gnoll
             ... wielding a +0 halberd
              (5 damage)
             ... on level 3 of the Dungeon.
             The game lasted 00:04:05 (1889 turns).

MTVSty1e the Ruffian (Ghoul Gladiator)              Turns: 1889, Time: 00:04:06

HP:   -3/37 (38)    AC:  8    Str: 18    XL:     4   Next: 56%
MP:   3/3           EV: 10    Int:  3    God:
Gold: 91            SH:  0    Dex: 10    Spells: 3/3 levels left

rFire    + . .     SeeInvis .     - Unarmed
rCold    + . .     Gourm    .   (no shield)
rNeg     + + +     Faith    .   k - +0 scale mail
rPois    ∞         Spirit   .   b - +0 helmet
rElec    .         Reflect  .   (no cloak)
rCorr    .         Harm     .   f - +0 pair of gloves
MR       .....                  (no boots)
Stlth    ..........             (no amulet)
Regen    0.0/turn               o - ring of protection from fire
MPRegen  0.1/turn               (no ring)

@: rotting
A: rotting body, claws 1, carnivore 3, cold resistance 1, negative energy
resistance 3, inhibited regeneration, torment resistance, unbreathing
a: no special abilities


You were on level 3 of the Dungeon.
You were not hungry.

You visited 1 branch of the dungeon, and saw 3 of its levels.

You collected 91 gold pieces.

Inventory:

Missiles
 c - 3 throwing nets (quivered)
Armour
 b - a +0 helmet (worn)
 f - a +0 pair of gloves (worn)
 k - a +0 scale mail (worn)
Jewellery
 o - a ring of protection from fire (left hand)
Scrolls
 g - 2 scrolls of remove curse
 j - a scroll of identify
Potions
 a - a potion of curing {unknown}
 e - 2 potions of might
 m - a potion of agility {unknown}
 p - a potion of lignification {unknown}
 q - a potion of brilliance {unknown}
 r - a potion of flight {unknown}
Comestibles
 d - a meat ration
 i - a royal jelly


   Skills:
 + Level 3.4 Fighting
 - Level 1.7 Throwing
 - Level 2.6 Dodging
 * Level 5.0 Unarmed Combat


You had 3 spell levels left.
You didn't know any spells.

Dungeon Overview and Level Annotations

Branches:
Dungeon (3/15)

Altars:


Innate Abilities, Weirdness & Mutations

Your body is rotting away.
You thrive on raw meat.
You are immune to poison.
You have sharp fingernails.
You are carnivorous and can eat meat at any time.
Your flesh is cold resistant. (rC+)
You are immune to negative energy. (rN+++)
You do not regenerate when monsters are visible.
You are immune to unholy pain and torment.
You can survive without breathing.


Message History

Your scale mail prevents you from hitting the gnoll.
The gnoll barely misses you. The gnoll hits you with a club.
You barely miss the gnoll. You punch the gnoll!
The gnoll is heavily wounded.
You hit the gnoll.
You kill the gnoll!
Your Unarmed Combat skill increases to level 5!
The gnoll hits you from afar with a halberd!
The gnoll closely misses you.
You see here a club.
You closely miss the gnoll. You barely miss the gnoll.
The gnoll hits you with a halberd!
* * * LOW HITPOINT WARNING * * *
You hit the gnoll.
The gnoll is lightly wounded.
The gnoll barely misses you.
You closely miss the gnoll.
The gnoll is lightly wounded.
The gnoll hits you with a halberd.
You die...

# #......# ..##..#.#.#
......#... #.##..§§.
#.....)§# #... .#§# #..
..#§# #g##..#§#########
### #@....#§§§......#
..# #..##.#####.#####
#.# #####..## #.# #.#
#.......#######.#
#.###.#.............###
#.....#.#.........###.#
#####.#.#...#####.###.#
..#.#.?.#####.....#
%..............##.###


You could see a gnoll.

Vanquished Creatures
  2 gnolls (D:3)
  3 adders (D:2)
  An ooze (D:3)
  2 worms
  A dart slug (D:1)
  A leopard gecko (D:3)
  4 giant cockroaches
  2 goblins
  7 hobgoblins
  A bat (D:2)
  3 frilled lizards
  3 kobolds
  4 rats
34 creatures vanquished.

Notes
Turn   | Place    | Note
-------+----------+-------------------------------------------
     0 | D:1      | MTVSty1e the Ghoul Gladiator began the quest for the Orb.
     0 | D:1      | Reached XP level 1. HP: 17/17 MP: 0/0
   483 | D:1      | Reached XP level 2. HP: 25/25 MP: 1/1
   893 | D:1      | Reached skill level 4 in Unarmed Combat
  1063 | D:2      | Reached XP level 3. HP: 24/30 MP: 2/2
  1571 | D:2      | Reached XP level 4. HP: 37/37 MP: 3/3
  1884 | D:3      | Reached skill level 5 in Unarmed Combat
  1889 | D:3      | Slain by a gnoll

Skill      XL: |  1  2  3  4 |
---------------+-------------+-----
Unarmed Combat | 4 5 |  5.0
Fighting       | 3 |  3.4
Throwing       | |  1.7
Dodging        | |  2.6

Action                   |  1- 3 |  4- 6 || total
-------------------------+-------+-------++-------
Melee: Unarmed           |    97 |    31 ||   128
       Punch             |     4 |     1 ||     5
  Use: Scroll            |       |     5 ||     5
  Eat: Chunk             |     4 |       ||     4
Armor: Leather armour    |     3 |       ||     3
       Scale mail        |    17 |    10 ||    27
Dodge: Dodged            |    48 |    13 ||    61
